 Dungeon Crawl Stone Soup version 0.26-b1-32-g5d43845318 (webtiles) character file.

Game seed: 6644045530198940686

114345 Armakuni the Fetichist (level 16, -19/97 HPs)
             Began as a Deep Elf Berserker on Jan 12, 2021.
             Was a High Priest of Trog.
             Killed from afar by a merfolk aquamancer (42 damage)
             ... with a shard of ice
             ... on level 1 of the Shoals.
             The game lasted 01:44:07 (28729 turns).

Armakuni the Fetichist (Deep Elf Berserker)        Turns: 28729, Time: 01:44:08

Health: -19/97     AC: 27    Str: 22    XL:     16   Next: 16%
Magic:  18/18      EV: 16    Int: 15    God:    Trog [*****.]
Gold:   801        SH:  7    Dex: 18    Spells: 15/15 levels left

rFire    + . .     SeeInvis .   a - +9 scimitar (freeze)
rCold    . . .     Faith    .   I - +0 buckler
rNeg     . . .     Spirit   .   f - +3 plate armour {rC+}
rPois    +         Reflect  .   Q - +0 helmet "Kefemit" {rElec Str+3 Slay+2}
rElec    +         Harm     .   y - +0 cloak
rCorr    .         Rampage  .   Y - +2 pair of gloves of the Hart {Dex+4}
Will     ++++.                  J - +1 pair of boots {run}
Stlth    ..........             R - amulet of regeneration
HPRegen  1.66/turn              (no ring)
MPRegen  0.16/turn              F - ring of Xuhaulic {Fire +Fly rPois Will+ Slay+3}

@: berserk cooldown, regenerating, slowed, very slow
A: no striking features
a: Renounce Religion, Evoke Flight, Berserk, Trog's Hand, Brothers in Arms


You were on level 1 of the Shoals.
You worshipped Trog.
Trog was extremely pleased with you.
You visited 7 branches of the dungeon, and saw 28 of its levels.
You also visited: Ossuary.

You collected 3060 gold pieces.
You spent 2259 gold pieces at shops.

Inventory:

Hand Weapons
 a - a +9 scimitar of freezing (weapon)
 b - a +2 scimitar of flaming
 v - a +5 triple sword of flaming
Missiles
 w - 5 javelins
 x - 56 poisoned darts
 B - 52 boomerangs
 D - 4 curare-tipped darts (quivered)
 H - 3 datura-tipped darts
 O - 2 throwing nets
 P - 2 atropa-tipped darts
 X - 7 silver javelins
Armour
 f - a +3 plate armour of cold resistance (worn)
 k - a +0 kite shield
 y - a +0 cloak (worn)
 I - a +0 buckler (worn)
 J - a +1 pair of boots of running (worn)
 Q - the +0 helmet "Kefemit" (worn) {rElec Str+3 Slay+2}
   (You found it on level 4 of the Lair of Beasts)

   It affects your strength (+3).
   It affects your accuracy and damage with ranged weapons and melee attacks
   (+2).
   It insulates you from electricity.
 Y - the +2 pair of gloves of the Hart (worn) {Dex+4}
   (You found it on level 15 of the Dungeon)

   It affects your dexterity (+4).
Jewellery
 F - the ring of Xuhaulic (right hand) {Fire +Fly rPois Will+ Slay+3}
   (You found it on level 5 of the Lair of Beasts)

   [ring of fire]

   It enhances your fire magic.
   It affects your accuracy and damage with ranged weapons and melee attacks
   (+3).
   It protects you from fire.
   It makes you vulnerable to cold.
   It protects you from poison.
   It affects your willpower, your defense against some magical effects.
   It lets you fly.
 R - an amulet of regeneration (around neck)
Wands
 h - a wand of acid (19)
 j - a wand of iceblast (7)
 n - a wand of enslavement (5)
 r - a wand of polymorph (5)
 W - a wand of digging (5)
Scrolls
 d - 11 scrolls of teleportation
 g - 3 scrolls of fear
 o - 14 scrolls of remove curse
 C - 2 scrolls of fog
 E - 5 scrolls of noise
 K - 2 scrolls of enchant weapon
 M - 2 scrolls of immolation
 U - 5 scrolls of magic mapping
Potions
 c - 4 potions of cancellation
 i - 2 potions of lignification
 q - 3 potions of attraction
 t - 3 potions of mutation
 z - a potion of magic
 A - 12 potions of curing
 L - 6 potions of haste
 N - a potion of resistance
 S - 2 potions of might
 T - 3 potions of flight
Miscellaneous
 m - a phantom mirror (inert)
 p - a box of beasts
 G - a lightning rod (4/4)
 V - a tin of tremorstones (inert)


   Skills:
 - Level 10.0 Fighting
 - Level 14.0 Long Blades
 - Level 12.0 Armour
 - Level 14.7 Dodging
 + Level 9.3 Shields
 - Level 15.0 Evocations


You had 15 spell levels left.
You didn't know any spells.
Your spell library contained the following spells:

 Spells                   Type           Power        Failure   Level
 Animate Skeleton         Necr           0%           97%         1
 Apportation              Tloc           0%           97%         1
 Corona                   Hex            0%           97%         1
 Sting                    Tmut/Pois      0%           97%         1
 Summon Small Mammal      Summ           0%           97%         1
 Call Imp                 Summ           0%           99%         2
 Poisonous Vapours        Pois/Air       0%           99%         2
 Call Canine Familiar     Summ           0%           100%        3
 Conjure Flame            Conj/Fire      0%           100%        3
 Ignite Poison            Fire/Tmut/Pois 0%           100%        3
 Mephitic Cloud           Conj/Pois/Air  0%           100%        3
 Summon Guardian Golem    Hex/Summ       0%           100%        3
 Leda's Liquefaction      Hex/Erth       0%           100%        4
 Olgreb's Toxic Radiance  Pois           0%           100%        4
 Summon Ice Beast         Ice/Summ       0%           100%        4
 Summon Lightning Spire   Summ/Air       0%           100%        4
 Bolt of Magma            Conj/Fire/Erth 0%           100%        5
 Freezing Cloud           Conj/Ice/Air   0%           100%        6
 Iron Shot                Conj/Erth      0%           100%        6
 Statue Form              Tmut/Erth      0%           100%        6
 Haunt                    Necr/Summ      0%           100%        7
 Borgnjor's Revivificati  Necr           0%           100%        8
 Infestation              Necr           0%           100%        8
 Necromutation            Tmut/Necr      0%           100%        8
 Death's Door             Necr           0%           100%        9
 Shatter                  Erth           0%           100%        9


Dungeon Overview and Level Annotations

Branches:
Dungeon (15/15)            Temple (1/1) D:5            Lair (6/6) D:8
 Shoals (2/4) Lair:2        Snake (1/4) Lair:2        Slime (1/5) Lair:5
    Orc (2/2) D:12            Elf (0/3) Orc:2        Vaults (0/5) D:13
 Depths (0/5) D:15        Ossuary (visited)

Altars:
Ashenzari
Cheibriados
Dithmenos
Elyvilon
Fedhas
Gozag
Hepliaklqana
Kikubaaqudgha
Makhleb
Nemelex Xobeh
Okawaru
Qazlal
Ru
Sif Muna
Trog
Uskayaw
Vehumet
Wu Jian
Xom
Yredelemnul
Zin
The Shining One
Beogh
Jiyva

Shops:
D:5 *   D:9 ?   D:11 ?   Orc:1 [*[[(   Orc:2 ?[*(   Shoals:2 (

Portals:
Hell: Lair:6

Annotations:
D:13 2 transporters, Dittersdorf's ghost, journeyman MiBe
D:15 2 runed translucent doors, exclusion: obsidian statue


Message History

The sea snake is severely wounded.
You slash the sea snake!
The sea snake seems to slow down.
You freeze the sea snake.
You kill the sea snake!
Trog accepts your kill.
The merfolk aquamancer points at you and mumbles some strange words.
The torrent of water hits you!!
* * * LOW HITPOINT WARNING * * *
You are knocked back by the torrent of water.
The wave splashes down.
The merfolk avatar chants a haunting song.
You resist with almost no effort.
You hear a shout! x2
You feel much better.
You float gracefully downwards.
Splash!
You fall into the shallow water.
Moving in this stuff is going to be slow.
The merfolk aquamancer casts a spell at you.
The shard of ice hits you!!!
You die...

≈≈≈≈≈≈≈≈.####..## ##.†≈
.≈≈≈≈≈≈≈≈.†.....# #.≈≈
..≈≈≈≈≈≈≈≈....≈.## #..≈
...≈≈≈≈≈≈........## ##.≈
#..≈≈≈≈m≈..........# ##.
#..≈≈≈≈≈....##...≈.## #.
≈.≈≈≈≈....#####...))## ##
....≈≈≈..)#####....).# #
....≈.≈≈@..........(.####
...≈≈.....≈.....)..(.#.#.
..≈≈......†E≈.≈≈)....#...
≈.......###m≈..≈....##.#.
≈.......# ##).≈≈≈≈...##..
≈.......###...≈≈....≈...≈
≈...t.....#§≈≈≈≈...≈≈≈..≈
≈.......≈.m.≈≈≈≈≈≈..≈≈...
#≈....m≈≈§≈≈≈≈≈≈≈≈≈≈.≈≈≈≈


You could see a merfolk avatar, a merfolk aquamancer, a snapping turtle and a
water elemental.

Vanquished Creatures
  Frances (Shoals:2)
  An orc warlord (Orc:2)
  A frost giant (D:15)
  The ghost of Borgoz the Basher, a journeyman GrBe of Trog (Lair:5)
  The ghost of Hycrow the Severer, a journeyman MiBe of Trog (Lair:2)
  A merfolk impaler (Shoals:2)
  The ghost of Vuirau the Carver, a journeyman DsGl of Okawaru (D:15)
  2 fire dragons (D:15)
  11 hydras
  8 vault guards (D:13)
  A rakshasa (D:15)
  A naga warrior (Snake:1)
  3 merfolk aquamancers (Shoals:1)
  Erica (Lair:2)
  2 centaur warriors (D:15)
  2 catoblepae (D:15)
  A tengu warrior (D:14)
  2 ogre magi (D:15)
  14 two-headed ogres
  2 naga sharpshooters (Snake:1)
  An orc high priest (Orc:1)
  The ghost of
  1994 the Destroyer, a novice OpCj (D:8)
  A sun demon (Lair:6)
  5 skeletal warriors (D:12)
  4 sea snakes (Shoals:1)
  2 unseen horrors
  Pikel (D:9)
  A wizard (Lair:6)
  An orc sorcerer (Orc:1)
  An orb spider (Lair:2)
  4 cyclopes
  An orc knight (Orc:2)
  4 manticores
  4 deep elf magi
  10 ugly things
  4 fauns (Shoals:1)
  2 moths of wrath (D:15)
  4 oklob plants (Lair:5)
  2 elephants
  A merfolk siren (Shoals:2)
  3 water nymphs (Shoals:1)
  4 centaur skeletons (D:15)
  3 orange demons (Lair:6)
  A smoke demon (Lair:6)
  A gargoyle (D:12)
  8 black mambas
  9 cane toads
  4 centaur zombies
  An efreet (D:10)
  7 rime drakes
  A yaktaur (D:15)
  A freezing wraith (D:14)
  A kobold demonologist (D:12)
  10 komodo dragons
  2 ice devils (Lair:6)
  A red devil (Lair:6)
  A merfolk (Shoals:1)
  A tengu conjurer (D:14)
  5 trolls
  A hornet (D:11)
  A wind drake (Shoals:1)
  20 blink frogs
  7 slime creatures
  4 shadows
  6 water elementals (Shoals:1)
  4 wyverns
  A yak (shapeshifter) (D:15)
  23 yaks
  2 wraiths
  7 vampire mosquitoes
  2 steam dragons
  2 wargs
  3 nagas (Snake:1)
  23 water moccasins
  3 acid dragons
  4 hell hounds (Lair:6)
  A soldier ant (D:8)
  A hydra simulacrum (Lair:5)
  35 orc warriors
  A hornet zombie (D:14)
  2 phantoms
  3 sky beasts
  3 ice beasts
  4 black bears
  A necrophage (D:12)
  14 wolves
  18 ogres
  18 centaurs
  2 tengu
  A lemure (D:9)
  4 big kobolds
  20 bullfrogs
  A cane toad simulacrum (Lair:5)
  A wyvern zombie (D:14)
  A gnoll sergeant (D:8)
  3 scorpions
  A wyvern skeleton (D:13)
  A water moccasin skeleton (D:11)
  8 killer bees
  A troll zombie (D:12)
  A dream sheep simulacrum (Lair:5)
  25 wights
  A howler monkey (D:5)
  9 hounds
  4 jellies
  13 orc wizards
  2 bullfrog skeletons
  13 orc priests
  An iron imp (D:8)
  4 iguanas
  Natasha (thrice) (D:4)
  5 hell rats (Lair:3)
  12 worker ants
  7 ogre zombies (D:12)
  2 big kobold zombies (Ossuary)
  2 hound zombies
  3 hound skeletons
  2 mummies (Ossuary)
  2 worker ant zombies
  A howler monkey skeleton (D:10)
  8 gnolls
  20 adders
  15 river rats (Lair:3)
  2 shadow imps
  A white imp (D:9)
  An ufetubus (D:5)
  2 oozes
  6 adder zombies (Ossuary)
  An adder skeleton (D:4)
  6 worms
  3 dart slugs
  10 leopard geckos
  86 orcs
  3 ball pythons
  6 bats
  7 giant cockroaches
  3 gnoll zombies (Ossuary)
  9 goblins
  7 hobgoblins
  14 jackals
  32 kobolds
  12 quokkas
  4 frilled lizards
  3 goblin zombies
  A hobgoblin skeleton (D:12)
  12 hobgoblin zombies
  A jackal skeleton (D:5)
  2 jackal zombies
  A kobold skeleton (D:9)
  5 kobold zombies
  An orc skeleton (D:12)
  24 orc zombies
  3 quokka skeletons
  A quokka zombie (D:5)
  17 rats
  A butterfly (Lair:3)
875 creatures vanquished.

Vanquished Creatures (collateral kills)
  2 hydras (Lair:6)
  An ice dragon (Lair:5)
  An orc knight (Orc:2)
  An orc sorcerer (Orc:1)
  2 cane toads (Lair:5)
  3 rime drakes (Lair:5)
  A polar bear (Lair:6)
  A wyvern (Lair:6)
  2 yaks (Lair:6)
  A catoblepas simulacrum (Lair:5)
  A sky beast (D:14)
  7 orc warriors
  A necrophage (D:11)
  2 ogres
  A dream sheep simulacrum (Lair:5)
  A blink frog simulacrum (Lair:5)
  A komodo dragon simulacrum (Lair:5)
  4 orcs
33 creatures vanquished.

Vanquished Creatures (others)
  An ugly thing (D:14)
  An orc (Orc:2)
  A butterfly (Lair:2)
  44 fungi
  53 plants
100 creatures vanquished.

Grand Total: 1008 creatures vanquished

Notes
Turn   | Place    | Note
-------+----------+-------------------------------------------
     0 | D:1      | Armakuni the Deep Elf Berserker began the quest for the
                  | Orb.
     0 | D:1      | Reached XP level 1. HP: 13/13 MP: 3/3
   354 | D:1      | Reached XP level 2. HP: 18/18 MP: 4/4
   696 | D:1      | Reached XP level 3. HP: 23/23 MP: 5/5
  1205 | D:2      | Reached ** piety under Trog
  1451 | D:2      | Reached XP level 4. HP: 22/28 MP: 6/6
  1801 | D:3      | Found a hazy altar of Hepliaklqana.
  2487 | D:4      | Reached XP level 5. HP: 33/33 MP: 7/7
  2714 | D:4      | Noticed Natasha
  2721 | D:4      | Reached XP level 6. HP: 34/40 MP: 8/8
  2721 | D:4      | Killed Natasha
  2725 | D:4      | Found a sand-covered staircase.
  2756 | D:4      | Reached skill level 5 in Fighting
  2811 | Ossuary  | Entered an ossuary
  3026 | Ossuary  | Reached *** piety under Trog
  3433 | D:4      | Found an iron altar of Okawaru.
  3643 | D:4      | Reached XP level 7. HP: 31/45 MP: 9/9
  3800 | D:4      | Noticed Natasha
  3809 | D:4      | Killed Natasha
  4037 | D:4      | Found a burning altar of Makhleb.
  4044 | D:4      | Reached skill level 5 in Long Blades
  4129 | D:4      | Found a sacrificial altar of Ru.
  4145 | D:4      | Noticed Natasha
  4153 | D:4      | Killed Natasha
  4205 | D:5      | Entered Level 5 of the Dungeon
  4287 | D:5      | Reached **** piety under Trog
  4318 | D:5      | Found Fecoeplimi's General Store.
  4574 | D:5      | Found a staircase to the Ecumenical Temple.
  4609 | Temple   | Entered the Ecumenical Temple
  4874 | D:5      | Found a stormy altar of Qazlal.
  5005 | D:5      | Reached XP level 8. HP: 47/52 MP: 10/10
  5428 | D:6      | Found a broken altar of Ashenzari.
  5865 | D:6      | Noticed a green ugly thing
  5881 | D:6      | Killed a green ugly thing
  5882 | D:6      | Reached XP level 9. HP: 60/60 MP: 11/11
  5954 | D:6      | Found a radiant altar of Vehumet.
  5985 | D:6      | Noticed a two-headed ogre
  6005 | D:6      | Killed a two-headed ogre
  7076 | D:7      | Reached skill level 10 in Fighting
  7826 | D:8      | Reached ***** piety under Trog
  7827 | D:8      | Reached XP level 10. HP: 68/68 MP: 12/12
  7980 | D:8      | Found a snail-covered altar of Cheibriados.
  8257 | D:8      | Found a staircase to the Lair.
  8345 | D:8      | Received a gift from Trog
  8501 | D:8      | Found a large runed translucent door.
  8501 | D:8      | Found a large runed translucent door.
  8684 | D:8      | Noticed a deep elf mage
  8704 | D:8      | Killed a deep elf mage
  8934 | D:8      | Noticed 1994's ghost (novice OpCj)
  9229 | D:8      | Killed 1994's ghost
  9230 | D:8      | Reached skill level 3 in Evocations
  9328 | D:8      | Reached skill level 4 in Evocations
  9611 | D:9      | Found Zyisaoqo's Magic Scroll Shoppe.
  9643 | D:9      | Noticed Pikel
  9654 | D:9      | Killed Pikel
  9655 | D:9      | Reached skill level 5 in Evocations
 10040 | D:9      | Found a glowing golden altar of the Shining One.
 10156 | D:9      | Noticed a two-headed ogre
 10162 | D:9      | Killed a two-headed ogre
 10163 | D:9      | Reached skill level 10 in Long Blades
 10163 | D:9      | Reached XP level 11. HP: 72/72 MP: 13/13
 10308 | D:9      | Found a glowing silver altar of Zin.
 10488 | D:9      | Found a hide-covered altar of Uskayaw.
 10792 | D:10     | Entered Level 10 of the Dungeon
 10908 | D:9      | Bought a scroll of acquirement for 676 gold pieces
 10909 | D:9      | Acquired a manual of Dodging
 11067 | D:10     | Reached skill level 5 in Dodging
 11494 | D:10     | Killed an unseen horror
 11963 | D:11     | Noticed a two-headed ogre
 11974 | D:11     | Killed a two-headed ogre
 12371 | Lair:1   | Entered Level 1 of the Lair of Beasts
 13439 | Lair:1   | Reached skill level 10 in Dodging
 13613 | Lair:2   | Noticed Erica
 13698 | Lair:2   | Killed Erica
 13754 | Lair:2   | Noticed an orb spider
 13754 | Lair:2   | a basilisk changed into an orb spider
 13764 | Lair:2   | Killed an orb spider
 13930 | Lair:2   | Found a staircase to the Shoals.
 13940 | Lair:2   | Reached XP level 12. HP: 77/77 MP: 14/14
 14033 | Lair:2   | Found a staircase to the Snake Pit.
 14248 | Lair:2   | You fall into a shaft and drop 2 floors!
 14248 | Lair:4   | Noticed a six-headed hydra
 14266 | Lair:4   | Killed a three-headed hydra
 14317 | Lair:4   | Noticed a seven-headed hydra
 14321 | Lair:4   | Killed a seven-headed hydra
 14553 | Lair:3   | Noticed an eight-headed hydra
 14562 | Lair:3   | Killed a four-headed hydra
 14827 | Lair:2   | Found a runed translucent door.
 14864 | Lair:2   | Noticed Hycrow's ghost (journeyman MiBe)
 14927 | Lair:2   | Killed Hycrow's ghost
 14935 | Lair:2   | Got a heavily runed chain mail
 14948 | Lair:2   | Identified the +1 chain mail "Gosaadag" {Stlth+} (You found
                  | it on level 2 of the Lair of Beasts)
 17008 | Lair:4   | Got an ancient helmet
 17035 | Lair:4   | Got a wavering turquoise ring
 17036 | Lair:4   | Identified the ring "Ummioduo" {*Tele *Slow +Fly rN+++
                  | Str+6} (You found it on level 4 of the Lair of Beasts)
 17047 | Lair:4   | Identified the +0 helmet "Kefemit" {rElec Str+3 Slay+2}
                  | (You found it on level 4 of the Lair of Beasts)
 17214 | Lair:4   | Noticed a five-headed hydra
 17230 | Lair:4   | Killed a one-headed hydra
 17231 | Lair:4   | Reached XP level 13. HP: 70/82 MP: 15/15
 17593 | Lair:5   | Reached skill level 5 in Armour
 17673 | Lair:5   | Found a staircase to the Slime Pits.
 17673 | Lair:5   | Found a viscous altar of Jiyva.
 17709 | Lair:5   | Found a runed translucent gate.
 17709 | Lair:5   | Found a runed translucent gate.
 17709 | Lair:5   | Found a runed translucent gate.
 17727 | Lair:5   | Received a gift from Trog
 17753 | Lair:5   | Noticed Borgoz's ghost (journeyman GrBe)
 17785 | Lair:5   | Killed Borgoz's ghost
 17855 | Lair:5   | Got the ring of Xuhaulic {Fire}
 17874 | Lair:5   | Acquired a manual of Evocations
 18275 | Lair:5   | Reached skill level 6 in Evocations
 18463 | Lair:5   | Reached skill level 7 in Evocations
 18501 | Lair:5   | Identified the +8 halberd of Magnificence {venom, rF+ Int+2
                  | Stlth+} (You found it on level 5 of the Lair of Beasts)
 18513 | Lair:5   | Identified the +4 war axe of the Boiling Point {antimagic,
                  | +Blink rF- MP+9 Stlth+} (You found it on level 5 of the
                  | Lair of Beasts)
 18515 | Lair:5   | Identified the ring of Xuhaulic {Fire +Fly rPois Will+
                  | Slay+3} (You found it on level 5 of the Lair of Beasts)
 18914 | Slime:1  | Entered Level 1 of the Pits of Slime
 18930 | Lair:6   | Entered Level 6 of the Lair of Beasts
 18942 | Lair:6   | Reached skill level 8 in Evocations
 18953 | Lair:6   | Reached skill level 9 in Evocations
 18970 | Lair:6   | Reached skill level 10 in Evocations
 18990 | Lair:6   | Got an encrusted glaive
 19015 | Lair:6   | Identified the +5 glaive of Charity {flame, *Rage rPois rC+
                  | Dex+7} (You found it on level 6 of the Lair of Beasts)
 19209 | Lair:6   | Reached skill level 11 in Evocations
 19314 | Lair:6   | Reached skill level 12 in Evocations
 19744 | Lair:6   | Reached skill level 13 in Evocations
 20111 | Lair:6   | Reached skill level 14 in Evocations
 20436 | Lair:6   | Found a burning altar of Makhleb.
 20443 | Lair:6   | Reached XP level 14. HP: 66/88 MP: 16/16
 20456 | Lair:6   | Found a gateway to Hell.
 20623 | Lair:6   | Reached skill level 15 in Evocations
 21468 | D:11     | Found Vurr's Magic Scroll Shoppe.
 21472 | D:11     | Bought a scroll of blinking for 75 gold pieces
 21472 | D:11     | Bought a scroll of magic mapping for 35 gold pieces
 21851 | D:12     | Noticed Psyche
 21852 | D:12     | Noticed Psyche
 21852 | D:12     | Psyche changed into Psyche the tengu
 21858 | D:12     | Killed Psyche the tengu
 22084 | D:12     | Found a staircase to the Orcish Mines.
 22092 | D:12     | Received a gift from Trog
 22976 | Orc:1    | Entered Level 1 of the Orcish Mines
 22976 | Orc:1    | Found Diopp's Antique Armour Boutique.
 22976 | Orc:1    | Found Ammymadi's Assorted Antiques.
 23056 | Orc:1    | Bought a masterwork scale mail for 279 gold pieces
 23066 | Orc:1    | Identified the +1 scale mail "Foceutti" {rPois Dex-2 SInv}
                  | (You bought it in a shop on level 1 of the Orcish Mines)
 23109 | Orc:1    | Received a gift from Trog
 23215 | Orc:1    | Found Assuq's Antique Weapon Emporium.
 23259 | Orc:1    | Found Dimel's Armour Boutique.
 23317 | Orc:1    | Found a roughly hewn altar of Beogh.
 23426 | Orc:1    | Found Zeitev's Armour Shoppe.
 23454 | Orc:1    | Bought a +1 plate armour of cold resistance for 385 gold
                  | pieces
 23468 | Orc:1    | Bought a +0 buckler for 49 gold pieces
 23473 | Orc:1    | Bought a +1 pair of boots of running for 401 gold pieces
 23637 | Orc:2    | Entered Level 2 of the Orcish Mines
 23637 | Orc:2    | Found a burning altar of Makhleb.
 23871 | Orc:2    | Found Xyxem's Magic Scroll Emporium.
 24016 | Orc:2    | Bought a scroll of immolation for 56 gold pieces
 24016 | Orc:2    | Bought a scroll of fear for 56 gold pieces
 24074 | Orc:2    | Found Johifev's General Store.
 24074 | Orc:2    | Found Qoetag's Distillery.
 24405 | Orc:2    | Found Diuwnile's Antique Weapon Boutique.
 24406 | Orc:2    | Found Tibenau's Armour Shoppe.
 24458 | Orc:2    | Noticed an orc warlord
 24468 | Orc:2    | Killed an orc warlord
 24469 | Orc:2    | Reached skill level 1 in Shields
 24637 | Orc:2    | Found a staircase to the Elven Halls.
 24789 | Orc:2    | Received a gift from Trog
 24977 | Orc:1    | Bought an ancient helmet for 247 gold pieces
 24977 | Orc:1    | Identified the cursed +0 helmet of Compression {Will- Int+2
                  | Dex+5} (You bought it in a shop on level 1 of the Orcish
                  | Mines)
 25106 | D:13     | Found a transporter.
 25108 | D:13     | Noticed Dittersdorf's ghost (journeyman MiBe)
 25120 | D:13     | Found a transporter.
 25229 | D:13     | Reached skill level 10 in Armour
 25305 | D:13     | Found a gate to the Vaults.
 25454 | D:13     | Reached XP level 15. HP: 90/92 MP: 17/17
 26466 | D:14     | Found an opulent altar of Gozag.
 26706 | D:15     | Entered Level 15 of the Dungeon
 26850 | D:15     | Found a runed translucent door.
 26954 | D:15     | Received a gift from Trog
 27315 | D:15     | Reached skill level 5 in Shields
 27421 | D:15     | Found a staircase to the Depths.
 27421 | D:15     | Noticed a frost giant
 27433 | D:15     | Killed a frost giant
 27709 | D:15     | Noticed Vuirau's ghost (journeyman DsGl)
 27727 | D:15     | Found a transporter.
 27742 | D:15     | Found a transporter.
 27775 | D:15     | Reached ****** piety under Trog
 27780 | D:15     | Killed Vuirau's ghost
 27797 | D:15     | Got a pair of dazzling gloves
 27808 | D:15     | Identified the +2 pair of gloves of the Hart {Dex+4} (You
                  | found it on level 15 of the Dungeon)
 27853 | D:15     | Found a runed translucent door.
 27888 | D:15     | Found a runed translucent door.
 27901 | D:15     | Found a runed translucent door.
 28307 | Snake:1  | Entered Level 1 of the Snake Pit
 28402 | Shoals:1 | Entered Level 1 of the Shoals
 28471 | Shoals:2 | Found Niohastrigg's Weapon Boutique.
 28477 | Shoals:2 | Noticed Frances
 28493 | Shoals:2 | Killed Frances
 28502 | Shoals:2 | Reached XP level 16. HP: 63/97 MP: 18/18
 28581 | Shoals:1 | Received a gift from Trog
 28728 | Shoals:1 | HP: 2/97 [merfolk aquamancer/torrent of water (34)]
 28729 | Shoals:1 | Killed from afar by a merfolk aquamancer

Illustrated notes

Levels and vault maps discovered:
D:1:      elethiomel_arrival_quiet, layout_loops_corners, minmay_tromino_i4
D:2:      layout_rooms, nrook_mini_backslash
D:3:      layout_basic, overflow_temple_1_default, serial_undead,
          serial_undead_b, serial_undead_c, serial_undead_f, serial_undead_d
D:4:      layout_cave_pools, lemuel_coloured_pillars_altar,
          okawaru_altar_gauntlet_db, enter_ossuary_3, minmay_crystal_room,
          nicolae_ru_path_of_blood, uniq_natasha
D:5:      wad_river_or_something, layout_rooms, general_overflow_altar,
          minmay_temple_entry_tees, serial_shops, nicolae_shop_behind_doors,
          kennysheep_donut
D:6:      layout_cave_pods, cheibrodos_ashenzari_chains,
          overflow_temple_1_default, kennysheep_generic_room_11
D:7:      layout_gridville, minivault_22
D:8:      layout_rooms, slow_altar_1, grunt_lair_entry_orc_guard_hut,
          ebering_ghost_disaster_area, special_room [special_room_orc],
          minmay_radiant
D:9:      layout_loops_ring, lemuel_crystal_altar, nicolae_tso_besieged_by_evil,
          nicolae_overflow_crystal_walls, serial_shops,
          nicolae_shop_statue_plus, uniq_pikel
D:10:     layout_basic
D:11:     layout_rooms, serial_shops, nicolae_shop_stone
D:12:     layout_irregular_city, zombieorc2_lemuel, uniq_psyche
D:13:     layout_roguey, erik_vaults_2, gammafunk_ghost_berserking_beasts
D:14:     layout_basic, grunt_decor_one_mirror,
          nicolae_gozag_cash_rules_everything_around_me
D:15:     grunt_enter_depths_snipers, layout_long_grid,
          gammafunk_ghost_berserking_beasts, nicolae_twisting_strands,
          minmay_statue_crystal_thing
Temple:   hc_temple_tempest_star
Lair:1:   layout_cave_pods, grunt_megastairs_2, lemuel_fruit_tree,
          lemuel_fruit_fields
Lair:2:   layout_cave_pods, elwin_shoals_entry_rocks,
          minmay_snake_entry_six_corridors, ebering_ghost_reflecting_pool,
          disabler_island, lemuel_fruit_fields, uniq_erica
Lair:3:   lemuel_ratsnest, layout_gridlike, grunt_forest_stairs_basic,
          lemuel_fruit_fields
Lair:4:   layout_gridlike, minivault_11
Lair:5:   layout_roguey, slime_altar_1, enter_volcano_1, gammafunk_ghost_icy,
          minmay_lair_oklob_chamber
Lair:6:   evil_forest, layout_regular_city
Shoals:1: layout_shoals, nicolae_shoals_water_shrine
Shoals:2: cheibrodos_shoals_epimethial_gifts, layout_shoals, serial_shops,
          shop_fountains, uniq_roxanne, uniq_frances
Snake:1:  layout_misc_corridors, serial_shops,
          nicolae_shop_competitors_out_of_business, st_stairs_11
Slime:1:  layout_caves
Orc:1:    layout_caves, serial_shops, nicolae_shop_trees,
          nicolae_shop_statue_plus, nicolae_shop_crystal,
          nicolae_shop_statue_plus, shop, kennysheep_orc_chapel
Orc:2:    st_orc_rangers, layout_diamond_mine, serial_shops, shop_statue,
          bloody_makhleb

Skill      XL: |  1  2  3  4  5  6  7  8  9 10 11 12 13 14 15 16 |
---------------+-------------------------------------------------+-----
Fighting       | 3 4 5 6 8 10 | 10.0
Long Blades    | 3 4 5 6 8 10 12 13 14 | 14.0
Armour         | 4 5 10 12 | 12.0
Evocations     | 5 14 15 | 15.0
Dodging        | 10 14 | 14.7
Shields        | 3 8 9 |  9.3

Action                   |  1- 3 |  4- 6 |  7- 9 | 10-12 | 13-15 | 16-18 || total
-------------------------+-------+-------+-------+-------+-------+-------++-------
Melee: Falchion          |   109 |   226 |   126 |       |       |       ||   461
       Rapier            |       |    17 |       |       |       |       ||    17
       Scimitar          |       |       |   220 |   412 |   996 |    72 ||  1700
       Great sword       |       |       |       |   197 |       |       ||   197
Throw: Dart              |       |       |       |       |     6 |       ||     6
       Throwing net      |       |       |       |       |     2 |       ||     2
Invok: Berserk           |    13 |     9 |    16 |    28 |    14 |     1 ||    81
       Trog's Hand       |       |     1 |     2 |    10 |    20 |     2 ||    35
       Brothers in Arms  |       |       |       |       |     1 |       ||     1
 Abil: Evoke Flight      |       |       |       |       |       |     1 ||     1
Evoke: Wand              |       |    11 |     5 |    23 |    54 |     3 ||    96
       Box of beasts     |       |       |       |     2 |     6 |       ||     8
       Lightning rod     |       |       |       |     4 |    26 |       ||    30
       Tin of tremorston |       |       |       |       |     9 |     1 ||    10
       Phantom mirror    |       |       |       |       |     2 |       ||     2
  Use: Scroll            |       |    13 |    11 |     7 |    15 |     5 ||    51
       Potion            |       |     2 |     6 |     5 |     5 |     1 ||    19
 Stab: Sleeping          |     3 |       |       |       |       |       ||     3
       Paralysed         |       |       |     1 |       |       |       ||     1
       Distracted        |       |       |       |       |     2 |       ||     2
       Invisible         |       |       |       |       |     1 |       ||     1
Armor: Animal skin       |    23 |       |       |       |       |       ||    23
       Scale mail        |    18 |   118 |   202 |   183 |       |       ||   521
       Skin              |       |    38 |       |       |       |       ||    38
       Chain mail        |       |       |       |    65 |   159 |       ||   224
       Plate armour      |       |       |       |       |   215 |    30 ||   245
Dodge: Dodged            |    68 |   135 |   210 |   415 |   542 |    44 ||  1414
Block: Buckler           |       |       |       |       |    81 |    12 ||    93
       Rpst.: Falchion   |    19 |    35 |    17 |       |       |       ||    71
       Scimitar          |       |       |    45 |    86 |   120 |    11 ||   262
       Great sword       |       |       |       |    41 |       |       ||    41
